 Dungeon Crawl Stone Soup version 0.28.0-53-g5a82cb258f (webtiles) character file.

Game seed: 13766558988034135169

3281 Nyth the Carver (level 9, -9/86 HPs)
             Began as a Minotaur Berserker on Aug 8, 2022.
             Was a Priest of Trog.
             Succumbed to a gnoll sergeant's poison
             ... on level 8 of the Dungeon.
             The game lasted 00:29:28 (6937 turns).

Nyth the Carver (Minotaur Berserker)                Turns: 6937, Time: 00:29:28

Health: -9/86      AC: 11    Str: 25    XL:     9   Next: 69%
Magic:  8/8        EV: 12    Int:  4    God:    Trog [***...]
Gold:   366        SH:  0    Dex: 13    Spells: 8/8 levels left

rFire   . . .      SeeInvis .   u - +0 morningstar (vorpal)
rCold   . . .      Faith    .   (no shield)
rNeg    . . .      Spirit   .   C - +0 acid dragon scales
rPois   .          Reflect  .   (helmet restricted)
rElec   .          Harm     .   n - +1 cloak {Will+}
rCorr   +          Rampage  .   l - +0 pair of gloves
Will    ++...                   (no boots)
Stlth   +.........              (no amulet)
HPRegen 0.24/turn               b - ring of flight
MPRegen 0.11/turn               g - ring of willpower

@: lethally poisoned (-9 -> -43), on berserk cooldown, flying, slowed, very slow
A: horns 2, retaliatory headbutt, sense surroundings 1, strong 1, MP-powered
wands
a: Renounce Religion, Berserk, Trog's Hand


You were on level 8 of the Dungeon.
You worshipped Trog.
Trog was most pleased with you.
You visited 1 branch of the dungeon, and saw 8 of its levels.

You collected 366 gold pieces.

Inventory:

Hand Weapons
 m - a +4 dagger
 u - a +0 vorpal morningstar (weapon)
 z - a +0 mace of holy wrath
 A - a +2 quarterstaff of chaos
Missiles
 k - 2 throwing nets
 y - 3 boomerangs of dispersal
Armour
 c - a scarf of invisibility
 d - a +1 plate armour
 l - a +0 pair of gloves (worn)
 n - a +1 cloak of willpower (worn)
 x - a +2 leather armour of willpower
 B - a +2 cloak
 C - +0 acid dragon scales (worn)
Jewellery
 b - a ring of flight (left hand)
 g - a ring of willpower (right hand)
Scrolls
 a - 2 scrolls of immolation {unknown}
 f - a scroll of fear {unknown}
 j - a scroll of amnesia
 p - 4 scrolls of teleportation
 q - a scroll of identify
 t - a scroll of fog {unknown}
 D - a scroll of torment {unknown}
Potions
 e - a potion of brilliance {unknown}
 h - a potion of magic {unknown}
 i - 2 potions of flight
 o - a potion of berserk rage {unknown}
 r - a potion of curing {unknown}
 s - 2 potions of mutation
 v - a potion of degeneration
 w - a potion of heal wounds {unknown}


   Skills:
 * Level 10.3 Fighting
 + Level 11.1 Long Blades
 * Level 2.2 Maces & Flails
 + Level 7.5 Armour
 + Level 3.0 Dodging
 + Level 0.7 Stealth


You had 8 spell levels left.
You didn't know any spells.
Your spell library contained the following spells:

 Spells                   Type           Power      Damage    Failure   Level
 Animate Skeleton         Necr           0%         N/A       56%         1
 Pain                     Necr           0%         1d4       56%         1
 Vampiric Draining        Necr           0%         2d6       90%         3


Dungeon Overview and Level Annotations

Branches:
Dungeon (8/15)             Temple (0/1) D:4
   Lair: D:8-11

Altars:

Shops:
D:5 *(*


Innate Abilities, Weirdness & Mutations

You have a pair of horns on your head.
You reflexively headbutt those who attack you in melee.
You passively map a small area around you.
Your muscles are strong. (Str +2)
You expend magic power (3 MP) to strengthen your wands.


Message History

You feel the power of Trog in you as your rage grows.
You kill the orc!
Trog accepts your kill.
You feel very sick.
You feel very sick.
You feel a strong urge to attack something.
You feel very sick.
You sock the gnoll! You headbutt the gnoll.
You kill the gnoll!
Trog accepts your kill.
You feel sick. The gnoll sergeant closely misses you.
You feel sick.
You miss something. Your headbutt misses something.
You feel sick. Something hits you but does no damage.
You hit something.
You are no longer berserk.
You are exhausted.
You feel yourself slow down.
You feel sick.
The gnoll sergeant hits you from afar with a +5 spear of venom.
You are more poisoned.
Something hits you but does no damage.
You feel extremely sick.
The gnoll sergeant hits you from afar with a +5 spear of venom!
You are lethally poisoned!
Something hits you.
The gnoll sergeant hits you from afar with a +5 spear of venom.
You are more poisoned.
Okay, then.
As you read the scroll of teleportation, it crumbles to dust.
You feel strangely unstable.
* * * LOW HITPOINT WARNING * * *
You feel extremely sick. Something completely misses you.
The gnoll sergeant hits you from afar with a +5 spear of venom!
* * * LOW HITPOINT WARNING * * *
Something hits you but does no damage.
Your surroundings suddenly seem different. 4 yaks come into view.
Found 29 gold pieces.
You die...

, # ,
#..........# ,
,* . ..........
, , ..
#........# $
.#.#........#..
*
..............#
#...........#
##..........##
.......@.....#
##............#
*
#............$
, *
##........#...
** ,
..YYY.###.# ..
, .* ,.......
.# . , .##..#Y
* # * ...##, *
* * <* *


You could see 4 yaks.

Vanquished Creatures
  A two-headed ogre (D:5)
  Maggie (D:7)
  3 water moccasins
  2 sky beasts
  A hornet zombie (D:6)
  An ice beast (D:7)
  3 black bears
  2 orc warriors (D:7)
  2 necrophages
  An ogre (D:5)
  Blork the orc (D:5)
  A wyvern zombie (D:8)
  A water moccasin zombie (D:6)
  4 centaur zombies
  3 hounds
  4 orc priests
  A bullfrog skeleton (D:5)
  A gnoll shaman (D:6)
  Crazy Yiuf (D:6)
  Jessica (D:3)
  Ijyb (D:5)
  3 orc wizards (D:5)
  5 gnolls
  A howler monkey skeleton (D:6)
  13 adders
  A shadow imp (D:8)
  2 ufetubi (D:5)
  3 worms
  2 dart slugs
  24 orcs
  6 ball pythons
  4 endoplasms
  4 giant cockroaches
  8 goblins
  8 hobgoblins
  8 kobolds
  4 quokkas
  8 bats
  6 frilled lizards
  A rat (D:3)
147 creatures vanquished.

Notes
Turn   | Place    | Note
-------+----------+-------------------------------------------
     0 | D:1      | Nyth the Minotaur Berserker began the quest for the Orb.
     0 | D:1      | Reached XP level 1. HP: 19/19 MP: 0/0
   219 | D:1      | Reached XP level 2. HP: 27/27 MP: 1/1
   293 | D:1      | Reached skill level 4 in Long Blades
   680 | D:1      | Found a faded altar of an unknown god.
   880 | D:1      | Reached XP level 3. HP: 33/34 MP: 2/2
  1034 | D:2      | Reached ** piety under Trog
  1363 | D:2      | Reached XP level 4. HP: 41/41 MP: 3/3
  1876 | D:3      | Noticed Jessica
  1878 | D:3      | Killed Jessica
  1879 | D:3      | Reached skill level 5 in Fighting
  1879 | D:3      | Reached skill level 5 in Long Blades
  2102 | D:3      | Reached XP level 5. HP: 48/48 MP: 4/4
  2481 | D:4      | Found a staircase to the Ecumenical Temple.
  2612 | D:4      | Noticed a black bear
  2619 | D:4      | Killed a black bear
  2620 | D:4      | Reached XP level 6. HP: 56/56 MP: 5/5
  3024 | D:4      | Reached skill level 6 in Long Blades
  3074 | D:4      | You fall into a shaft and drop 1 floor!
  3074 | D:5      | Entered Level 5 of the Dungeon
  3116 | D:5      | Found Moshunn's General Store.
  3168 | D:5      | Found Muydael's Antique Weapon Boutique.
  3192 | D:5      | Noticed a sky beast
  3198 | D:5      | Found Xoeck's Assorted Antiques.
  3205 | D:5      | Killed a sky beast
  3225 | D:5      | Reached skill level 7 in Long Blades
  3225 | D:5      | Reached XP level 7. HP: 61/63 MP: 6/6
  3250 | D:5      | Reached *** piety under Trog
  3450 | D:5      | Noticed a two-headed ogre
  3463 | D:5      | Killed a two-headed ogre
  3464 | D:5      | Reached skill level 9 in Long Blades
  3464 | D:5      | Reached skill level 5 in Armour
  3464 | D:5      | Reached XP level 8. HP: 47/73 MP: 7/7
  3708 | D:5      | Gained mutation: You passively map a small area around you.
                  | [potion of mutation]
  3708 | D:5      | Gained mutation: Your muscles are strong. (Str +2) [potion
                  | of mutation]
  3708 | D:5      | Gained mutation: You expend magic power (3 MP) to
                  | strengthen your wands. [potion of mutation]
  3711 | D:5      | Noticed Ijyb
  3734 | D:5      | Killed Ijyb
  3778 | D:5      | Noticed Blork the orc
  3788 | D:5      | Killed Blork the orc
  4539 | D:6      | Reached skill level 10 in Long Blades
  4786 | D:6      | Reached XP level 9. HP: 82/82 MP: 8/8
  5163 | D:6      | Found a runed translucent door.
  5166 | D:6      | Noticed Crazy Yiuf
  5175 | D:6      | Killed Crazy Yiuf
  5920 | D:7      | Noticed Maggie
  5926 | D:7      | Killed Maggie
  5927 | D:7      | Reached skill level 10 in Fighting
  6485 | D:7      | Reached skill level 11 in Long Blades
  6489 | D:7      | Reached skill level 1 in Maces & Flails
  6936 | D:8      | HP: 1/86 [gnoll sergeant/+5 spear of venom (12)]
  6937 | D:8      | Succumbed to a gnoll sergeant's poison

Illustrated notes

Levels and vault maps discovered:
D:1:      lightli_molten_gateway, layout_basic,
          dilly_ecumenical_altar_fadedgnrine
D:2:      layout_loops_ring
D:3:      layout_loops_ring, uniq_jessica
D:4:      cheibrodos_old_hovel, layout_basic, minmay_temple_entry_purple_smoke
D:5:      layout_gridville, serial_shops, nicolae_square_shop,
          nicolae_shop_temple_entry_statues_fountains, shop, uniq_ijyb,
          uniq_blork_the_orc
D:6:      layout_gridville, uniq_crazy_yiuf_cottage
D:7:      layout_rooms, uniq_maggie
D:8:      layout_rooms, mainiacjoe_overflow_paths, gup_ossuary_entry_pyramid,
          hangedman_abyss_or_decor_clamps

Skill      XL: |  1  2  3  4  5  6  7  8  9 |
---------------+----------------------------+-----
Fighting       | 4 5 6 7 8 10 | 10.3
Long Blades    | 4 5 7 9 10 11 | 11.1
Armour         | 3 4 5 6 7 |  7.5
Maces & Flails | 2 |  2.2
Dodging        | 3 |  3.0
Stealth        | |  0.7

Action                   |  1- 3 |  4- 6 |  7- 9 || total
-------------------------+-------+-------+-------++-------
Melee: Falchion          |    83 |    98 |   175 ||   356
       Headbutt          |    10 |    16 |    47 ||    73
       Punch             |     1 |     2 |     5 ||     8
       Morningstar       |       |       |    42 ||    42
Invok: Berserk           |     2 |     6 |     9 ||    17
  Use: Scroll            |       |     3 |     3 ||     6
       Potion            |       |       |     3 ||     3
Armor: Plate armour      |    62 |    70 |   110 ||   242
       Animal skin       |     1 |       |       ||     1
       Acid dragon scale |       |       |    23 ||    23
Dodge: Dodged            |    30 |    30 |    80 ||   140
